 Seeded DCSS version 0.25.1-8-g42b30a86e7 (webtiles) character file.

Game seed: 13684639508580989815 (custom seed)

548 melloss the Covert (level 7, -8/32 HPs)
             Began as a Spriggan Enchanter on Dec 21, 2020.
             Killed from afar by an orc priest (29 damage)
             ... with an exploding inner flame
             ... hexed by the player character
             ... on level 5 of the Dungeon.
             The game lasted 00:17:27 (6539 turns).

melloss the Covert (Spriggan Enchanter)             Turns: 6539, Time: 00:17:30

Health: -8/32      AC:  2    Str:  4    XL:     7   Next: 7%
Magic:  0/14       EV: 18    Int: 17    God:
Gold:   195        SH:  0    Dex: 18    Spells: 11/14 levels left

rFire    . . .     SeeInvis +   a - +1 dagger
rCold    + . .     Gourm    .   (shield restricted)
rNeg     . . .     Faith    .   b - +0 robe
rPois    .         Spirit   +   (helmet restricted)
rElec    .         Reflect  .   (no cloak)
rCorr    +         Harm     .   (gloves unavailable)
MR       +....                  (boots unavailable)
Stlth    ++++......             h - amulet of guardian spirit
HPRegen  0.10/turn              o - ring of protection from cold
MPRegen  0.14/turn              t - ring of resist corrosion

@: flying, very quick
A: very small, unfitting armour, see invisible, herbivore, speed 3, slow
metabolism 2
a: no special abilities


You were on level 5 of the Dungeon.
You were hungry.

You visited 1 branch of the dungeon, and saw 5 of its levels.

You collected 195 gold pieces.

Inventory:

Hand Weapons
 a - a +1 dagger (weapon)
Missiles
 m - 36 poisoned darts (quivered)
Armour
 b - a +0 robe (worn)
 w - a +1 robe of positive energy
Jewellery
 h - an amulet of guardian spirit (around neck)
 o - a ring of protection from cold (left hand)
 t - a ring of resist corrosion (right hand)
Scrolls
 c - 3 scrolls of remove curse
 d - a scroll of immolation
 f - 2 scrolls of blinking {unknown}
 g - 4 scrolls of identify {unknown}
 n - 2 scrolls of teleportation {unknown}
 r - a scroll of fear {unknown}
 s - 2 scrolls of random uselessness {unknown}
 u - a scroll of magic mapping {unknown}
Potions
 e - a potion of flight
 i - 2 potions of lignification {unknown}
 j - a potion of heal wounds
 k - 2 potions of haste {unknown}
 l - 2 potions of might {unknown}
 p - a potion of berserk rage {unknown}
 q - 2 potions of curing {unknown}
 v - a potion of brilliance {unknown}


   Skills:
 - Level 5.0 Short Blades
 - Level 3.0 Dodging
 - Level 8.0 Stealth
 - Level 4.0 Spellcasting
 + Level 5.1 Hexes
 * Level 0.9 Ice Magic


You had 11 spell levels left.
You knew the following spells:

 Your Spells              Type           Power        Failure   Level  Hunger
a - Corona                Hex            ###....      1%          1    None
b - Ensorcelled Hibernat  Hex/Ice        ##....       7%          2    ##.....

Your spell library contained the following spells:

 Spells                   Type           Power        Failure   Level  Hunger
 Confusing Touch          Hex            ###.....     6%          3    ###....
 Tukima's Dance           Hex            ###.....     6%          3    ###....
 Dazzling Flash           Conj/Hex       ##....       17%         3    ###....
 Gell's Gravitas          Tloc           #.........   43%         3    ###....
 Metabolic Englaciation   Hex/Ice        ##........   77%         5    ######.
 Petrify                  Tmut/Erth      #.......     83%         4    ####...
 Yara's Violent Unravell  Hex/Tmut       ##........   83%         5    ######.


Dungeon Overview and Level Annotations

Branches:
Dungeon (5/15)
 Temple: D:4-7

Altars:
Dithmenos
Elyvilon
Gozag
Hepliaklqana
Okawaru
Qazlal
Uskayaw
Vehumet


Innate Abilities, Weirdness & Mutations

You are very small and have problems with some larger weapons.
You are too small for most types of armour.
You have supernaturally acute eyesight. (SInv)
You are a herbivore.
You cover ground extremely quickly.
You need to consume almost no food.


Message History

The orc priest misses you.
You barely miss the orc priest.
The orc priest is lightly wounded.
The orc priest closely misses you.
You closely miss the orc priest.
The orc priest is lightly wounded.
You hit the orc priest but do no damage.
The orc priest is lightly wounded.
The orc priest looks braver for a moment.
You hit the orc priest.
Flame seeps out of the orc priest.
The orc priest is lightly wounded.
The orc priest is engulfed in blazing flames.
Flame seeps out of the orc priest.
The orc priest closely misses you.
You closely miss the orc priest.
The orc priest is severely wounded.
The orc priest is engulfed in blazing flames.
The orc priest explodes!
The fiery explosion engulfs you!!
Ouch! That really hurt!
You die...

## #.. #.#
#.# # #.#
.#.#####.#
###
.....§...#
##.% #..§○@.#
...
#...###).##.#
. ##....# ##.
#...## ##....
#..#..#
##......
#.###.##
##...#..# ...
#..#
...##..###
#### ##.####
..##.....##.
#....#


There were no monsters in sight!

Vanquished Creatures
  A centaur (D:4)
  An ogre (D:3)
  2 scorpions (D:4)
  A bullfrog zombie (D:5)
  2 centaur skeletons (D:4)
  An iguana (D:4)
  5 adders
  3 oozes
  An adder zombie (D:5)
  3 worms
  A dart slug (D:2)
  A leopard gecko (D:3)
  18 orcs
  6 bats
  3 giant cockroaches (D:2)
  4 goblins
  7 hobgoblins
  7 jackals
  A quokka (D:3)
  A ball python (D:2)
  4 frilled lizards
  10 kobolds
  A leopard gecko skeleton (D:4)
  A quokka skeleton (D:5)
  12 rats
97 creatures vanquished.

Notes
Turn   | Place    | Note
-------+----------+-------------------------------------------
     0 | D:1      | melloss the Spriggan Enchanter began the quest for the Orb.
     0 | D:1      | Reached XP level 1. HP: 9/9 MP: 5/5
   395 | D:1      | Reached XP level 2. HP: 13/13 MP: 6/6
   400 | D:1      | Learned a level 2 spell: Ensorcelled Hibernation
   423 | D:1      | Reached skill level 5 in Stealth
  1577 | D:2      | Reached XP level 3. HP: 10/16 MP: 0/8
  2192 | D:2      | Reached skill level 6 in Stealth
  2999 | D:2      | Reached XP level 4. HP: 21/21 MP: 9/9
  5115 | D:3      | Reached skill level 7 in Stealth
  5320 | D:4      | Reached XP level 5. HP: 24/24 MP: 10/10
  5332 | D:4      | Found a stormy altar of Qazlal.
  5332 | D:4      | Found an iron altar of Okawaru.
  5466 | D:4      | Noticed an ogre
  5480 | D:3      | Killed an ogre
  5480 | D:3      | Reached skill level 5 in Short Blades
  5480 | D:3      | Reached skill level 8 in Stealth
  5480 | D:3      | Reached XP level 6. HP: 21/28 MP: 4/11
  5585 | D:4      | Found a shadowy altar of Dithmenos.
  5593 | D:4      | Found a hide-covered altar of Uskayaw.
  5981 | D:4      | Found an opulent altar of Gozag.
  5981 | D:4      | Found a hazy altar of Hepliaklqana.
  5983 | D:4      | Found a white marble altar of Elyvilon.
  5985 | D:4      | Found a radiant altar of Vehumet.
  6093 | D:4      | Reached skill level 5 in Hexes
  6364 | D:5      | Entered Level 5 of the Dungeon
  6482 | D:5      | Reached XP level 7. HP: 29/32 MP: 12/14
  6539 | D:5      | Killed from afar by an orc priest

Illustrated notes

Levels and vault maps discovered:
D:1:      arrival_zaba_pyramid, layout_basic
D:2:      layout_basic
D:3:      wad_lake_hut, layout_loops_ring, nrook_mini_backslash
D:4:      layout_loops_ring, nicolae_dithmenos_the_darkroom, minitemple,
          chequers_temple_overflow_statue_of_worship, serial_forest,
          infiniplex_forest_clump_small, infiniplex_forest_clump_double,
          infiniplex_forest_fountain, infiniplex_forest_lined_2,
          infiniplex_forest_lined_3, infiniplex_forest_zigzag_1,
          infiniplex_forest_zigzag_1, infiniplex_forest_lined_4_way,
          infiniplex_forest_straight_3
D:5:      layout_rooms, first_ration

Skill      XL: |  1  2  3  4  5  6 |
---------------+-------------------+-----
Stealth        | 5 6 7 8 |  8.0
Short Blades   | 2 3 4 5 |  5.0
Spellcasting   | 4 |  4.0
Hexes          | 5 |  5.1
Dodging        | |  3.0
Ice Magic      | |  0.9

Action                   |  1- 3 |  4- 6 |  7- 9 || total
-------------------------+-------+-------+-------++-------
Melee: Dagger            |   171 |   275 |    26 ||   472
Throw: Dart              |     1 |       |       ||     1
 Cast: Ensorcelled Hiber |    26 |    44 |     6 ||    76
  Use: Scroll            |       |       |     2 ||     2
       Potion            |       |       |     2 ||     2
 Stab: Sleeping          |    22 |    37 |     1 ||    60
  Eat: Ration            |     1 |     3 |       ||     4
Armor: Robe              |    13 |    11 |     1 ||    25
Dodge: Dodged            |   133 |   218 |    16 ||   367
